Cogmind - Beta 13 @@@ ROGUE MODE // 2024.03.25 @ 19:26:44 Player: Ether Result: Destroyed by XZ-F0R(R) with Subdweller Machine Gun Performance ------------- Evolutions (0) 0 Regions Visited (3) 600 Robots Destroyed (30) 150 Value Destroyed (488) 488 Prototype IDs (2) 40 Alien Tech Used (0) 0 Bonus (81) 81 TOTAL SCORE: 1359 Bonus ------- Follower Combat Kills 81 Cogmind --------- Core Integrity 0/250 Matter 284/300 Energy 156/160 System Corruption 0% Temperature Cool (2) Movement Walking (120) Location -10/Subcaves Parts ------- > --- POWER (1) -------- Light Nuclear Core > --- PROPULSION (2) --- Aluminum Leg Aluminum Leg > --- UTILITY (2) ------ Small Storage Unit Signal Interpreter > --- WEAPON (2) ------- Barrage Gun Grenade Launcher > --- INVENTORY (8) ---- Aluminum Leg Transport Network Coupler ECM Suite Makeshift Light Armor Plating Barrage Gun Datajack Stasis Trap (100%) Peak State ------------ > --- POWER ------------ Light Nuclear Core > --- PROPULSION ------- Aluminum Leg Aluminum Leg > --- UTILITY ---------- Small Storage Unit Signal Interpreter > --- WEAPON ----------- Barrage Gun Barrage Gun > --- INVENTORY -------- Aluminum Leg Aluminum Leg Transport Network Coupler ECM Suite Makeshift Light Armor Plating Grenade Launcher Datajack Stasis Trap [Rating: 14] Favorites ----------- Power Light Nuclear Core Engine Light Ion Engine Power Core Light Nuclear Core Propulsion Aluminum Leg Leg Aluminum Leg Utility Small Storage Unit Device Improved Terrain Scanner Storage Small Storage Unit Processor Signal Interpreter Weapon Light Assault Rifle Energy Gun EM Pulse Gun Ballistic Gun Light Assault Rifle Launcher Grenade Launcher Special Melee Weapon Datajack Build | -11 -10 -10 -10 ------- Run | Yrd Mat Min Sub Slots Evolved . | . . . . Power . | . . . . Propulsion . | . . . . Utility . | . . . . Weapon . | . . . . Parts Attached 39 | 7 15 9 8 Power 6 | 1 4 1 . Engine 4 | 1 3 . . Core 2 | . 1 1 . Reactor . | . . . . Propulsion 10 | 2 3 3 2 Treads . | . . . . Leg 10 | 2 3 3 2 Wheel . | . . . . Hover . | . . . . Flight . | . . . . Utility 3 | 2 1 . . Device 1 | 1 . . . Storage 1 | 1 . . . Processor 1 | . 1 . . Hackware . | . . . . Protection . | . . . . Artifact . | . . . . Weapon 20 | 2 7 5 6 Energy Gun 1 | . 1 . . Energy Cannon . | . . . . Ballistic Gun 14 | 2 4 4 4 Ballistic Cannon . | . . . . Launcher 1 | . . . 1 Special Weapon . | . . . . Impact Weapon . | . . . . Slashing Weapon . | . . . . Piercing Weapon . | . . . . Special Melee Weapon 4 | . 2 1 1 Unidentified Prototypes . | . . . . Parts Lost 6 | . 3 1 2 Power 1 | . 1 . . Propulsion 3 | . . 1 2 Utility 1 | . 1 . . Weapon 1 | . 1 . . Highest Loss Streak 2 | . 1 1 2 To Critical Strikes . | . . . . Average Slot Usage (%) 98 | . 96 99 99 Engine 3 | . 10 . . Core 9 | . 3 13 14 Leg 27 | . 28 27 27 Storage 14 | . 14 14 14 Processor 12 | . 9 14 14 Ballistic Gun 26 | . 25 27 24 Naked Turns . | . . . . Heaviest Build 16 | 11 12 13 16 Greatest Support 20 | 20 20 20 20 Greatest Overweight (x) 1 | . 1 1 . Average Overweight (x) . | . . . . Largest Inventory Capacity 8 | 8 8 8 8 Average Capacity 7 | 7 8 8 8 Most Carried 8 | 7 8 8 8 Average Carried 7 | 4 7 7 7 Final Capacity 8 | 8 8 8 8 Final Carried 8 | 5 8 8 7 Class Distribution -------------------- 77% | Scavenger-Mutant 22% | Mutant Dominant Class ---------------- Scavenger-Mutant | -10/Materials Scavenger-Mutant | -10/Mines Scavenger-Mutant | -10/Subcaves Resources | -11 -10 -10 -10 ----------- Run | Yrd Mat Min Sub Matter Collected 876 | 304 283 153 136 Remotely . | . . . . Salvage Created 991 | 152 630 170 39 Parts 56 | 8 35 13 . Haulers Intercepted 1 | . 1 . . Recyclers Shooed 3 | . 3 . . Parts Field Recycled . | . . . . Retrieved Matter . | . . . . Parts Self-Destructed 5 | . . . 5 Prevented . | . . . . Kills | -11 -10 -10 -10 ------- Run | Yrd Mat Min Sub Combat Hostiles Destroyed 20 | . 11 8 1 Guns 19 | . 11 8 . AOE 1 | . . . 1 Classes Destroyed 8 | 2 5 . 1 Worker 1 | . 1 . . Tunneler 3 | 3 . . . Hauler 1 | . 1 . . Recycler 4 | 1 3 . . Watcher 1 | . 1 . . Swarmer 12 | . 6 6 . Grunt 7 | . 5 2 . Subdweller 1 | . . . 1 Best Kill Streak 3 | 3 3 3 1 Combat Bots Only 3 | . 3 3 1 Max Kills in Single Turn 1 | 1 1 1 1 Gunslinging . | . . . . Exploded 1 | . . . 1 Melee . | . . . . Uniques/NPCs Destroyed . | . . . . Combat | -11 -10 -10 -10 -------- Run | Yrd Mat Min Sub Hostile Shots Fired 115 | . 67 34 14 Missed 28 | . 20 5 3 Damage Taken 1171 | . 543 338 290 Core 254 | . 101 92 61 Absorbed by Shields . | . . . . Core Remaining (%) 100 | 100 . . . Volleys Fired 134 | 17 80 23 14 Largest 2 | 2 2 2 2 Hottest 60 | 40 60 40 58 Shots Fired 258 | 34 157 46 21 Gun 257 | 34 157 46 20 Cannon . | . . . . Launcher 1 | . . . 1 Special . | . . . . Kinetic 251 | 34 151 46 20 Thermal . | . . . . Explosive 1 | . . . 1 Electromagnetic 6 | . 6 . . Robot Hit Streak 11 | 11 11 7 5 Robot Miss Streak 5 | 3 5 3 2 Penetration Max . | . . . . Secondary Targets 1 | . 1 . . Max Gunslinging Chain 1 | . 1 . . Shots Hit Robots 161 | 25 93 30 13 Core Hits 58 | 8 36 12 2 Critical Kills . | . . . . Critical Parts Destroyed . | . . . . Critical Strikes . | . . . . Melee Attacks 11 | . 10 . 1 Impact . | . . . . Slashing . | . . . . Piercing . | . . . . Sneak Attacks 11 | . 10 . 1 Combat Hostiles . | . . . . Follow-up Attacks . | . . . . Damage Inflicted 1345 | 191 686 257 211 Guns 1337 | 191 686 257 203 Cannons . | . . . . Explosions 8 | . . . 8 Melee . | . . . . Ramming . | . . . . Kinetic 1307 | 191 656 257 203 Thermal . | . . . . Explosive 8 | . . . 8 Electromagnetic 30 | . 30 . . Impact . | . . . . Slashing . | . . . . Piercing . | . . . . Highest Corruption . | . . . . Average Corruption . | . . . . Corruption Purged . | . . . . Corruption Blocked . | . . . . Overload Shots . | . . . . Overflow Damage . | . . . . Projectiles . | . . . . Explosions . | . . . . Melee . | . . . . Knockbacks . | . . . . Impact . | . . . . Kinetic . | . . . . Secondary . | . . . . Self-Inflicted Damage . | . . . . Shots . | . . . . Rammed . | . . . . Targets Rammed . | . . . . Kicked . | . . . . Crushed . | . . . . Highest Temperature 271 | . 40 18 271 Average Temperature 28 | . 8 7 146 Received Heat Transfer 947 | . 156 129 662 Effects 1 | . . . 1 Interference 1 | . . . 1 Siege Activations . | . . . . Robots Corrupted . | . . . . Combat Hostiles . | . . . . Parts Fried . | . . . . Impact Corruptions . | . . . . Robots Melted . | . . . . Combat Hostiles . | . . . . Parts Melted . | . . . . Heat Transferred . | . . . . Parts Sabotaged . | . . . . Parts Stolen . | . . . . Parts Stripped . | . . . . Power Chain Reactions . | . . . . Alert | -11 -10 -10 -10 ------- Run | Yrd Mat Min Sub Peak Influence 215 | 20 215 151 . Initial 19 | . 13 19 . Average 54 | 8 79 40 . Maximum Alert Level 1 | . 1 . . Low Security (%) 95 | 100 89 100 . Level 1 4 | . 10 . . Level 2 . | . . . . Level 3 . | . . . . Level 4 . | . . . . Level 5 . | . . . . High Security . | . . . . Max Security . | . . . . Squads Dispatched 2 | . 2 . . Investigation 1 | . 1 . . Extermination . | . . . . Reinforcement 1 | . 1 . . Assault . | . . . . Garrison . | . . . . Intercept . | . . . . Searches Triggered . | . . . . Construction Impeded . | . . . . Haulers Reinforced . | . . . . Active Scanning Responses . | . . . . Cargo Convoy Interrupts . | . . . . Stealth | -11 -10 -10 -10 --------- Run | Yrd Mat Min Sub Distress Signals 1 | . 1 . . Communications Jammed . | . . . . Distress Signals . | . . . . Times Spotted 39 | . 24 11 4 Peak Tracking Total 5 | . 5 3 2 Tactical Retreats 1 | . 1 . . Traps | -11 -10 -10 -10 ------- Run | Yrd Mat Min Sub Traps Triggered 1 | . 1 . . Indirectly . | . . . . Trap Hack Attempts . | . . . . Triggered . | . . . . Disarmed . | . . . . Reprogrammed . | . . . . Reused . | . . . . Traps Extracted . | . . . . Installed . | . . . . Triggered . | . . . . Most Traps Carried 2 | . . 2 2 Machines | -11 -10 -10 -10 ---------- Run | Yrd Mat Min Sub Machines Disabled . | . . . . Max in Single Turn . | . . . . Machines Repaired . | . . . . Machines Dismantled . | . . . . Machines Sabotaged . | . . . . Overloaded Fab Kills . | . . . . Hacking | -11 -10 -10 -10 --------- Run | Yrd Mat Min Sub Machines Accessed 8 | . 7 . 1 Terminals 5 | . 5 . . Fabricators . | . . . . Repair Stations . | . . . . Recycling Units 2 | . 2 . . Scanalyzers . | . . . . Garrison Access . | . . . . Total Hacks 21 | . 20 . 1 Successful 13 | . 12 . 1 Failed 8 | . 8 . . Catastrophic 1 | . 1 . . Database Lockouts . | . . . . Manual 2 | . . . 2 Terminals 18 | . 18 . . Fabricators . | . . . . Repair Stations . | . . . . Recycling Units 2 | . 2 . . Scanalyzers . | . . . . Garrison Access . | . . . . Terminal Hacks 11 | . 10 . 1 Record 3 | . 2 . 1 Prototype ID Bank 1 | . 1 . . Branch Access Points 1 | . 1 . . Dispatch Records 1 | . 1 . . Surveillance Status 1 | . 1 . . Transport Status 1 | . 1 . . Registered Components 1 | . 1 . . Zone Layout 2 | . 2 . . Fabricator Hacks . | . . . . Repair Station Hacks . | . . . . Recycling Unit Hacks 2 | . 2 . . Report Inventory 2 | . 2 . . Scanalyzer . | . . . . Garrison Access Hacks . | . . . . Unauthorized Hacks . | . . . . Terminals . | . . . . Fabricators . | . . . . Repair Stations . | . . . . Recycling Units . | . . . . Scanalyzers . | . . . . Garrison Access . | . . . . Data Cores Recovered . | . . . . Used . | . . . . Hacking Detections 5 | . 5 . . Full Trace Events 1 | . 1 . . Feedback Events . | . . . . Feedback Blocked . | . . . . Robot Schematics Acquired . | . . . . Robots Built . | . . . . Authchips . | . . . . Time . | . . . . Total Robot Build Rating . | . . . . Part Schematics Acquired . | . . . . Parts Built . | . . . . Authchips . | . . . . Time . | . . . . Total Part Build Rating . | . . . . Parts Repaired . | . . . . Time . | . . . . Parts Recycled . | . . . . Recycled Matter . | . . . . Retrieved Matter . | . . . . Retrieved Components . | . . . . Parts Scanalyzed . | . . . . Part Schematics Acquired . | . . . . Parts Damaged . | . . . . Bothacking | -11 -10 -10 -10 ------------ Run | Yrd Mat Min Sub Used RIF Installer . | . . . . Robots Hacked 4 | . 3 . 1 Non-combat 4 | . 3 . 1 Combat . | . . . . Robot Hacks Applied 9 | . 8 . 1 parse_system 4 | . 3 . 1 no_distress 3 | . 3 . . find_recycling 1 | . 1 . . check_alert 1 | . 1 . . Relay Couplers Released . | . . . . Fabnet Peak Effective % . | . . . . Robots Rewired . | . . . . Allies Hacked . | . . . . Hacks Repelled . | . . . . Allies | -11 -10 -10 -10 -------- Run | Yrd Mat Min Sub Total Allies 3 | . . 3 . Largest Group 3 | . . 3 3 Highest-Rated Group 40 | . . 40 40 Highest-Rated Ally 16 | . . 16 16 Total Orders . | . . . . Ally Attacks 28 | . . 8 20 Total Damage 323 | . . 61 262 Kills 5 | . . 3 2 Allies Corrupted . | . . . . Allies Melted . | . . . . Intel | -11 -10 -10 -10 ------- Run | Yrd Mat Min Sub Robot Analysis Total . | . . . . Derelict Logs Recovered 4 | . . 2 2 Drone Launches . | . . . . Drone Recoveries . | . . . . Exploration | -11 -10 -10 -10 ------------- Run | Yrd Mat Min Sub Turns Passed 3105 | 133 1037 1403 532 Spaces Moved 1828 | 67 626 736 399 Core 10 | 10 . . . Treads . | . . . . Legs 1818 | 57 626 736 399 Wheels . | . . . . Hover . | . . . . Flight . | . . . . Fastest Speed 50 | 50 120 120 120 Average Speed 119 | 109 120 120 120 Slowest Speed 190 | 120 190 190 120 Overloaded Moves . | . . . . Propulsion Burnouts . | . . . . Robots Hopped . | . . . . Cave-ins Triggered . | . . . . Exploration Rate (%) 51 | 4 77 104 20 Regions Visited 3 Branch Regions 2 Pre-discovered Areas 3 | . . 2 1 Known Exits Taken 2 | . 1 1 . Unknown Exits Taken 1 | 1 . . . Scrap Searched 4 | . . 3 1 Spaces Dug . | . . . . Terrain Destroyed 5 | . . . 5 Melee . | . . . . Projectile . | . . . . AOE 5 | . . . 5 Terrain Rammed . | . . . . Walls Destroyed . | . . . . Machines Disabled . | . . . . Actions | -11 -10 -10 -10 --------- Run | Yrd Mat Min Sub Total 2525 | 97 781 1215 432 Wait 473 | . 31 437 5 Move 1825 | 66 625 735 399 Hop . | . . . . Pick Up 20 | 7 8 3 2 Fast Attach 10 | 5 3 1 1 Attach 6 | 2 2 . 2 Detach 1 | . 1 . . Swap 23 | . 10 8 5 Drop 22 | . 11 8 3 Fire 134 | 17 80 23 14 Melee 11 | . 10 . 1 Ram . | . . . . Kick . | . . . . Crush . | . . . . Escape Stasis . | . . . . Rewire . | . . . . Trap . | . . . . Miscellaneous . | . . . . Route ------- -11/Scrapyard -10/Materials (discovered 3 exits: *Mat x2 / *Min) -10/Mines (discovered 3 exits: *Mat x2 / *Sub) -10/Subcaves (discovered 1 exit: Mat) History --------- Turn | Location | Event 7 | -11/Scrapyard | Discovered new exit (range 15) 134 | -11/Scrapyard | Entered Materials 308 | -10/Materials | Build established: Mutant 655 | -10/Materials | Discovered new exit (range 3) 658 | -10/Materials | Identified exit to Materials 725 | -10/Materials | Identified exit to Mines 757 | -10/Materials | Discovered exit to Materials (range 4) 1080 | -10/Materials | Build established: Scavenger-Mutant 1171 | -10/Materials | Entered Mines 1200 | -10/Mines | Learned location of Zion (-7) 1224 | -10/Mines | Core integrity fell below 50% 1422 | -10/Mines | Found a hidden stash of uninstalled traps 1549 | -10/Mines | Discovered exit to Materials (range 14) 1572 | -10/Mines | Discovered exit to Materials (range 11) 1694 | -10/Mines | Assisted by bots powering up and referring to "LRC-V3" 1837 | -10/Mines | Learned location of Storage (-7) 2531 | -10/Mines | Discovered new exit (range 8) 2538 | -10/Mines | Identified exit to Subcaves 2574 | -10/Mines | Entered Subcaves 2574 | -10/Subcaves | Accompanied by 3 allies 2697 | -10/Subcaves | Identified exit to Materials 2738 | -10/Subcaves | Visited Clippyterm 3016 | -10/Subcaves | Core integrity fell below 20% 3106 | -10/Subcaves | Destroyed by XZ-F0R(R) with Subdweller Machine Gun Last Messages --------------- 02951_ Sneak attack on 4Z-QVW(O). 02951_ Jacked 4Z-QVW(O)... >>parse_system Reading system data... 02958_ Acquired 4 matter. 02964_ W1-HUO(R): "SUBMAD!" 02968_ 4Z-QVW(O) puts together Barrage Gun. 02970_ Trooper 1b destroyed. 02978_ Trooper 1a destroyed. 02984_ Dropped Lgt. Assault Rifle. 02984_ Acquired Barrage Gun. 03011_ Critical hit (Meltdown: +300). 03017_ Overheating: System interference. 03017_ Barrage Gun temporarily disabled. 03018_ Aluminum Leg destroyed. 03025_ W1-HUO(R) destroyed. 03033_ Acquired 39 matter. 03036_ Acquired 44 matter. 03039_ Acquired Aluminum Leg. 03045_ Acquired 31 matter. Map ----- +----------------------------------------------------+ | ????????????????????????????????## ?? #???????? | | ????????????????????????????????# ? #???????? | | ????????????????????????????????# ?? ##??????? | | ???????????????????????????????## #? ##?????? | | ??????????????????????????????## ## #?????? | | ?????????????????????????????## ??????? | | ?????#######?????????????????# ????????? | | ?????#"""""#?????????????????# ??????????? | | ?????#""X""#????????###?????## #???##??????? | | ?????#" "#????????# #####?# #??? #??????? | | ?????### ###???????## ### #??? #??????? | | ??????## ####?????## # #### ##??????? | | ?????## #####?# ### ### ##?????? | | ?????# ## ## #?# #### ## #?????? | | #?#### ## #?# ##?# ###? #?????? | | ### ### ##?# ##?### ##??? #?????? | | ##?## #?## ##??# [ #?## ##????? | | #???# ### ###??## ##?# #????? | | # #???# #????# ###?## #????? | | ## ###### ! #????## #??## #????? | | ?# ### "& ######### #### ##????? | | ## #?## # [ ###### # ##?????? | | # ##??## # ## ] #??????? | | #????## ## ## ## [ #??????? | | #####??####### # ### # # [ #??????? | | ## ##??## # ## @ #?####### ! #??????? | | #??# # #??## ## & #??????? | | #??# # ##### ## [ % ##?????? | | # ##??## ## # ### % & #?????? | | #### #?#### ##### ## ##" #?????? | | ???# ### ### ## ### #?????? | | ???# R #######?## #?????? | | ???## ## #### ##### #????????# ##?????? | | ????#########??##########???###????????# %#?????? | | ???????????????????????????????????????# ##?????? | | ???????????????????????????????????????# ##?????? | | ??????????????????????????????????????## #?????? | | ??????????????????????????????????????# ##?????? | | ??????????????????????????????????????# #?????? | | ??????????????????????????????????????##"""#?????? | | ??????????????????????????????????????#" "#?????? | | ??????????????????????????????????????##""##?????? | | ???????????????????????????????????????#""#??????? | | ???????????????????????????????????????# ??????? | | ???????????????????????????????????????# #??????? | | ??????????????????????????????????????? "??????? | | ???????????????????????????????????????# "??????? | | ???????????????????????????????????????? ???????? | | ?????????????????????????????????????????????????? | | ?????????????????????????????????????????????????? | +----------------------------------------------------+ Best States ------------- Heat Dissipation 25 Energy Generation 14 Energy Capacity 250 Matter Stores 300 Matter Capacity 300 Sight Range 16 Terrain Scan Range 16 Terrain Scan Density 10 Evasion (%) 55 Item Schematics ----------------- None Robot Schematics ------------------ None Fabricated ------------ Nothing Alien Tech Used ----------------- None Achievements -------------- None Challenges ------------ None Game ------ Seed BeamPulsePurifier Manual? 0 Play Time 00:25:44 Cumulative 17.5 hours Start 2024.03.25 @ 19:00:17 End 2024.03.25 @ 19:26:44 Sessions 1 Manual Loads 0 Difficulty Rogue Special Mode None Game No. 47 Rogue 47 Adventurer 0 Explorer 0 Win Type - Total 0 Types 0/0/0/0/0/0/0/0/0 Lore% 16 Gallery% 22 Achievement% 15 Wizard Run 0 Options --------- Layout 1 ASCII 0 Keyboard 0 Movement Numpad Keybinds 0 Fullscreen 1 Font 24/Smallcaps Map View 50x35 Zoom Use 0% Tactical HUD 1 Map Filters NONE Filters NONE Steam 1 RUN: 2f540943-2aac-45cc-aee3-28b15e73b9a9